 Dungeon Crawl Stone Soup version 0.30-a0-553-g7fabdf1491 (webtiles) character file.

Game seed: 5732279545802543864

5539 Zonian the Covert (level 10, -2/47 HPs)
             Began as a Vine Stalker Brigand on Dec 26, 2022.
             Was a Follower of Uskayaw.
             Slain by a shadow (25 damage)
             ... on level 9 of the Dungeon on Dec 27, 2022.
             The game lasted 00:23:15 (10484 turns).

Zonian the Covert (Vine Stalker Brigand)           Turns: 10484, Time: 00:23:16

Health: -2/47      AC:  5    Str: 13    XL:     10   Next: 71%
Magic:  0/11       EV: 12    Int: 11    God:    Uskayaw [*.....]
Gold:   1546       SH:  5    Dex: 27    Spells: 9/9 levels left

rFire   . . .      SeeInvis .    G - +1 short sword (drain)
rCold   . . .      Faith    .    (no shield)
rNeg    . . .      Spirit   +    b - +0 robe
rPois   +          Reflect  +    (no helmet)
rElec   .          Harm     .    c - +2 cloak
rCorr   .          Rampage  .    (no gloves)
Will    +....                    (no boots)
Stlth   +++++++                  i - amulet of reflection
HPRegen 1.07/turn                u - +6 ring of dexterity
MPRegen 0.12/turn                y - ring of poison resistance

@: no status effects
A: fangs 3, regeneration 1, magic shield, antimagic bite, no potion heal 2
a: Renounce Religion, Stomp


You were on level 9 of the Dungeon.
You worshipped Uskayaw.
Uskayaw was noncommittal.
You visited 2 branches of the dungeon, and saw 10 of its levels.

You collected 1546 gold pieces.

Inventory:

Hand Weapons
 a - a +2 vorpal dagger
 k - a +1 dagger of flaming
 E - a +5 flail of freezing
 G - a +1 short sword of draining (weapon)
 L - a +5 falchion of flaming
Missiles
 d - 27 poisoned darts (quivered)
 e - 3 curare-tipped darts
 r - 2 throwing nets
Armour
 b - a +0 robe (worn)
 c - a +2 cloak (worn)
 A - a +0 cloak
 H - +0 swamp dragon scales
Jewellery
 i - an amulet of reflection (around neck)
 m - a ring of protection from fire
 q - a ring of wizardry
 u - a +6 ring of dexterity (left hand)
 w - a +6 ring of strength
 y - a ring of poison resistance (right hand)
 B - a +6 ring of strength
Wands
 f - a wand of digging (5)
 v - a wand of polymorph (1)
 M - a wand of iceblast (8)
Scrolls
 h - 6 scrolls of poison
 t - 2 scrolls of blinking
 C - a scroll of magic mapping
 D - a scroll of teleportation
 I - 2 scrolls of identify
 J - 2 scrolls of enchant armour
 K - 2 scrolls of brand weapon
Potions
 g - 2 potions of curing
 j - 2 potions of flight
 l - a potion of attraction {unknown}
 n - 3 potions of lignification
 o - 3 potions of might
 p - 3 potions of mutation
 s - 3 potions of haste
 x - 2 potions of brilliance
 z - a potion of invisibility
 F - a potion of berserk rage {unknown}


   Skills:
 + Level 2.6 Fighting
 - Level 10.3 Short Blades
 - Level 1.8 Throwing
 - Level 0.7 Dodging
 - Level 14.7 Stealth


You had 9 spell levels left.
You didn't know any spells.
Your spell library contained the following spells:

 Spells                   Type           Power      Damage    Failure   Level
 Freeze                   Ice            0%         1d3       34%         1
 Magic Dart               Conj           0%         1d3       34%         1
 Shock                    Conj/Air       0%         1d3       34%         1
 Call Imp                 Summ           0%         N/A       47%         2
 Frozen Ramparts          Ice            0%         1d1       71%         3
 Hailstorm                Conj/Ice       0%         3d3       71%         3
 Mephitic Cloud           Conj/Pois/Air  0%         N/A       71%         3
 Stone Arrow              Conj/Erth      0%         3d7       71%         3
 Swiftness                Air            0%         N/A       71%         3
 Airstrike                Air            0%         2d(0-16)  98%         4
 Animate Armour           Summ/Erth      0%         N/A       98%         4
 Lehudib's Crystal Spear  Conj/Erth      0%         10d2      100%        8


Dungeon Overview and Level Annotations

Branches:
Dungeon (9/15)             Temple (1/1) D:6
   Lair: D:8-11         Orc: D:9-12

Altars:
Ashenzari
Dithmenos
Elyvilon
Fedhas
Gozag
Hepliaklqana
Kikubaaqudgha
Makhleb
Okawaru
Qazlal
Ru
Sif Muna
Trog
Uskayaw
Vehumet
Wu Jian
Xom
Yredelemnul
Zin

Shops:
D:1 !   D:3 (

Annotations:
D:2 Sigmund
D:8 1 runed translucent door


Innate Abilities, Weirdness & Mutations

You have razor-sharp teeth.
Your natural rate of healing is unusually fast.
When hurt, damage is shared between your health and your magic reserves.
Your bite disrupts and absorbs the magic of your enemies.
Potions cannot restore your health.


Message History

You hit something. You bite something. You barely miss something.
You bite something.
The shadow strikes at you from the darkness!
Reactivating autopickup.
You hit the shadow. You bite the shadow. You drain its power.
You feel invigorated.
The shadow is heavily damaged.
You barely miss the shadow. You bite the shadow, but do no damage.
The shadow is heavily damaged.
The shadow hits you!
You hit the shadow. Your bite misses the shadow.
The shadow is severely damaged.
You can now pass through a line of other dancers.
You barely miss the shadow.
The shadow is severely damaged.
The shadow slips into darkness.
The shadow flickers and vanishes!
Deactivating autopickup; reactivate with Ctrl-A.
You hit something. Your bite misses something.
You hit something but do no damage. You bite something.
The shadow strikes at you from the darkness!
* * * LOW HITPOINT WARNING * * *
Reactivating autopickup.
You hit the shadow.
The shadow is almost destroyed.
Okay, then.
Okay, then.
You closely miss the shadow. Your bite misses the shadow.
The shadow is almost destroyed.
The shadow slips into darkness.
The shadow flickers and vanishes!
Deactivating autopickup; reactivate with Ctrl-A.
Blink to where?
Press: ? - help, Dir - move target
As you read the scroll of blinking, it crumbles to dust.
There is an open door here.
You can no longer pass through a line of other dancers.
The shadow strikes at you from the darkness!
Ouch! That really hurt!
You die...

###.# #.# #.## #..#
##.# #.# #.# #.# #@##
#..# ##.# #.# #####
#####'###### #....
#..........# #....
+..........# #.<..
#..........### #....
#..........'.####....


There were no monsters in sight!

Vanquished Creatures
  Amaemon (D:8)
  Maggie (D:8)
  An orange demon (D:8)
  A wyvern (D:8)
  9 yaks
  2 water moccasins
  A black bear (D:5)
  2 orc warriors
  3 centaurs
  A phantom (D:4)
  3 bullfrogs
  3 scorpions
  2 water moccasin zombies (D:7)
  7 wights
  4 killer bees (D:8)
  An electric eel (D:7)
  2 centaur zombies (D:7)
  4 bullfrog zombies (D:7)
  2 jellies (D:8)
  3 hounds
  6 orc priests
  5 iguanas
  3 orc wizards
  2 killer bee zombies (D:7)
  A howler monkey zombie (D:7)
  5 gnolls
  17 adders
  2 white imps
  4 dart slugs
  21 orcs
  9 endoplasms
  3 giant cockroaches
  11 goblins
  6 hobgoblins
  A kobold (D:3)
  3 quokkas
  4 ball pythons
  6 bats
  4 frilled lizards
  2 rats
168 creatures vanquished.

Vanquished Creatures (collateral kills)
  A wight (D:7)
1 creature vanquished.

Vanquished Creatures (others)
  A hornet zombie (D:7)
  A gnoll (D:6)
2 creatures vanquished.

Grand Total: 171 creatures vanquished

Notes
Turn   | Place    | Note
-------+----------+-------------------------------------------
     0 | D:1      | Zonian the Vine Stalker Brigand began the quest for the
                  | Orb.
     0 | D:1      | Reached XP level 1. HP: 11/11 MP: 2/2
   106 | D:1      | Reached skill level 5 in Stealth
   152 | D:1      | Reached XP level 2. HP: 15/15 MP: 3/3
   154 | D:1      | Found Notealel's Distillery.
   702 | D:2      | Reached XP level 3. HP: 9/18 MP: 4/4
  1266 | D:2      | Reached skill level 6 in Stealth
  1266 | D:2      | Gained mutation: Your natural rate of healing is unusually
                  | fast. [Vine Stalker growth]
  1266 | D:2      | Reached XP level 4. HP: 23/23 MP: 5/5
  1775 | D:2      | Found a faded altar of an unknown god.
  1775 | D:2      | Noticed Sigmund
  1888 | D:3      | Found Dedazooj's Weapon Shoppe.
  1910 | D:3      | Reached XP level 5. HP: 26/26 MP: 6/6
  2052 | D:3      | Identified a scroll of acquirement
  2052 | D:3      | Acquired 1001 gold pieces
  2645 | D:3      | Reached skill level 7 in Stealth
  2992 | D:3      | Reached XP level 6. HP: 15/30 MP: 2/7
  3942 | D:4      | Reached skill level 8 in Stealth
  4285 | D:4      | Reached XP level 7. HP: 34/34 MP: 8/8
  4594 | D:4      | Reached skill level 5 in Short Blades
  5226 | D:5      | Entered Level 5 of the Dungeon
  5338 | D:5      | Reached skill level 9 in Stealth
  5451 | D:5      | Gained mutation: You have razor-sharp teeth. [Vine Stalker
                  | growth]
  5451 | D:5      | Reached XP level 8. HP: 34/39 MP: 7/9
  6182 | D:6      | Found a staircase to the Ecumenical Temple.
  6194 | Temple   | Entered the Ecumenical Temple
  6344 | Temple   | Became a worshipper of Uskayaw the Reveller
  6437 | D:6      | Reached * piety under Uskayaw
  6892 | D:6      | Found a shimmering blue altar of Sif Muna.
  7207 | D:6      | Reached ** piety under Uskayaw
  7210 | D:6      | Reached skill level 10 in Stealth
  7415 | D:6      | Noticed a yak
  7415 | D:6      | Noticed a yak
  7468 | D:6      | Reached *** piety under Uskayaw
  7469 | D:6      | Killed a yak
  7723 | D:6      | Noticed a yak
  7778 | D:6      | Killed a yak
  7779 | D:6      | Reached **** piety under Uskayaw
  7784 | D:6      | Reached ***** piety under Uskayaw
  7790 | D:6      | Killed a yak
  8114 | D:6      | Reached skill level 11 in Stealth
  8142 | D:6      | Reached XP level 9. HP: 33/42 MP: 6/10
  8651 | D:7      | Reached skill level 12 in Stealth
  9144 | D:7      | Reached skill level 13 in Stealth
  9150 | D:7      | Reached XP level 10. HP: 27/46 MP: 11/11
  9624 | D:8      | Noticed an orange demon
  9636 | D:8      | Killed an orange demon
  9659 | D:8      | Noticed Amaemon
  9664 | D:8      | Killed Amaemon
  9665 | D:8      | Reached skill level 14 in Stealth
  9713 | D:8      | Noticed Maggie
  9726 | D:8      | Killed Maggie
  9727 | D:8      | Reached skill level 10 in Short Blades
 10209 | D:8      | Found a runed translucent door.
 10211 | D:8      | Noticed a sixfirhy
 10484 | D:9      | Slain by a shadow

Illustrated notes

Levels and vault maps discovered:
D:1:      dpeg_arrival_short_road, layout_loops_cross, serial_shops, shop
D:2:      layout_loops_ring, dreamdust_ecumenical_altar_hidden_monk_grotto,
          kennysheep_another_room, grunt_ministairs_13, uniq_sigmund
D:3:      layout_basic, serial_rivers, chequers_serial_rivers_room_b,
          chequers_serial_rivers_room_b, chequers_serial_rivers_micro_b,
          chequers_serial_rivers_large_a, serial_shops,
          nicolae_shop_bloodbath_and_beyond
D:4:      layout_layer_cave
D:5:      layout_cave_pools, chequers_garden, grunt_decor_fettered
D:6:      layout_layer_cave, nicolae_sif_muna_condensation,
          minmay_temple_entry_grid
D:7:      layout_gridville, serial_undead, serial_undead_a, serial_undead_d,
          serial_undead_f, serial_undead_f, serial_undead_c, serial_undead_f,
          minmay_statues_item
D:8:      cheibrodos_shockbox, layout_basic, uniq_amaemon, uniq_maggie
D:9:      layout_roguey, lightli_fourway_metalbox
Temple:   mainiacjoe_temple_archimedes_tessellation

Skill      XL: |  1  2  3  4  5  6  7  8  9 10 |
---------------+-------------------------------+-----
Short Blades   | 2 3 4 5 7 9 10 | 10.3
Stealth        | 5 6 7 8 9 11 13 14 | 14.7
Fighting       | 2 |  2.6
Throwing       | |  1.8
Dodging        | |  0.7

Action                   |  1- 3 |  4- 6 |  7- 9 | 10-12 || total
-------------------------+-------+-------+-------+-------++-------
Melee: Dagger            |    65 |   108 |    60 |       ||   233
       Bite              |    10 |    26 |   117 |    40 ||   193
       Punch             |     1 |     3 |     5 |       ||     9
       Short sword       |       |       |   243 |    99 ||   342
Throw: Dart              |       |       |     4 |       ||     4
Invok: Line Pass         |       |       |     1 |       ||     1
Evoke: Wand              |       |       |     3 |     2 ||     5
  Use: Scroll            |     5 |     8 |    10 |     2 ||    25
       Potion            |       |       |       |     1 ||     1
 Stab: Sleeping          |    10 |    21 |    16 |     4 ||    51
       Paralysed         |       |       |     7 |     7 ||    14
       Distracted        |       |       |     3 |     3 ||     6
Armor: Robe              |     9 |     9 |    35 |     8 ||    61
Dodge: Dodged            |    26 |    32 |    94 |    32 ||   184
Block: Other             |    13 |    17 |    51 |    21 ||   102

Table legend: (Time is in decaauts)
 A = Elapsed time spent in this place.
 B = Non-inter-level travel time spent in this place.
 C = Inter-level travel time spent in this place.
 D = Time resting spent in this place.
 E = Time spent auto-exploring this place.
 F = Levels seen in this place.
 G = Mean time per level.
                   A        B        C        D        E       F      G
               +--------+--------+--------+--------+--------+-----+--------+
         Total |  10331 |  10040 |    291 |   3107 |   4810 |  10 | 1033.1 |
       Dungeon |  10157 |   9889 |    268 |   3107 |   4685 |   9 | 1128.6 |
        Temple |    173 |    150 |     23 |      0 |    125 |   1 |  173.0 |
               +--------+--------+--------+--------+--------+-----+--------+

Top non-repeatable levels by time:
     D:6: 2461 daAuts
     D:3: 1999 daAuts
     D:4: 1376 daAuts
     D:2: 1159 daAuts
     D:8: 982 daAuts
     D:7: 750 daAuts
     D:5: 677 daAuts
     D:1: 673 daAuts
  Temple: 173 daAuts
     D:9: 75 daAuts
